 Dungeon Crawl Stone Soup version 0.20-a0-548-g4f8a798 (webtiles) character file.

3116 Amnesiac the Cruncher (level 9, 0/61 HPs)
             Began as a Mummy Gladiator on Feb 1, 2017.
             Was an Initiate of Gozag.
             Slain by Pikel
             ... wielding a +1 whip of electrocution
              (19 damage)
             ... on level 7 of the Dungeon.
             The game lasted 00:13:03 (9522 turns).

Amnesiac the Cruncher (Mummy Gladiator)             Turns: 9522, Time: 00:13:04

Health: 0/61       AC: 20    Str: 18    XL:     9   Next: 60%
Magic:  9/9        EV:  8    Int:  4    God:    Gozag
Gold:   514        SH:  0    Dex: 19    Spells: 8/8 levels left

rFire    x . .     SeeInvis .   p - +3 quarterstaff (protect)
rCold    + . .     Gourm    .   t - +0 chain mail
rNeg     + + +     Faith    .   (shield currently unavailable)
rPois    ∞         Spirit   .   c - +0 helmet
rElec    .         Reflect  .   g - +0 cloak
rCorr    +         Harm     .   k - +1 pair of gloves {Dex+3}
MR       +....                  r - +0 pair of boots
Stlth    ..........             m - amulet of inaccuracy (curse)
Regen    0.2/turn               n - -3 ring of intelligence (curse)
                                f - ring of resist corrosion

@: protection aura
A: no food or potions, fire vulnerability, cold resistance 1, negative energy
resistance 3, torment resistance, unbreathing
a: Potion Petition, Call Merchant, Bribe Branch, Renounce Religion


You were on level 7 of the Dungeon.
You worshipped Gozag.
Gozag was pleased with you.
You were not hungry.

You visited 2 branches of the dungeon, and saw 9 of its levels.
You also visited: Sewer.

You collected 638 gold pieces.
You paid 124 gold pieces to Gozag.

Inventory:

Hand Weapons
 a - a +0 quarterstaff of freezing
 p - a +3 quarterstaff of protection (weapon)
Missiles
 l - 3 poisoned tomahawks (quivered)
Armour
 c - a +0 helmet (worn)
 g - a +0 cloak (worn)
 k - a +1 pair of gloves of dexterity (worn)
 r - a +0 pair of boots (worn)
 t - a +0 chain mail (worn)
Jewellery
 f - a ring of resist corrosion (left hand)
 m - a cursed amulet of inaccuracy (around neck)
 n - a cursed -3 ring of intelligence (right hand)
 s - the amulet of Yfaveec {Inacc rF- Str+3 Int+6, unknown}
   (You found it on level 5 of the Dungeon)

   [amulet of inaccuracy]

   It reduces the accuracy of all your attacks.
   It affects your strength (+3).
   It affects your intelligence (+6).
   It makes you vulnerable to fire.
 u - a cursed -4 ring of protection {unknown}
Wands
 d - a wand of lightning (5/15)
 o - a wand of confusion (28/48)
 v - a wand of disintegration (7/24)
Scrolls
 b - a scroll of enchant armour {unknown}
 e - 8 scrolls of identify
 h - a scroll of magic mapping
 i - 5 scrolls of amnesia
 j - 2 scrolls of immolation
Books
 q - a book of Callings

   Spells                             Type                      Level
   a - Summon Small Mammal            Summoning                    1
   b - Call Imp                       Summoning                    2
   c - Call Canine Familiar           Summoning                    3
   d - Summon Guardian Golem          Hexes/Summoning              3
   e - Summon Lightning Spire         Summoning/Air                4
   f - Summon Ice Beast               Ice/Summoning                4


   Skills:
 - Level 2.0 Fighting
 + Level 11.4 Staves
 - Level 1.5 Throwing
 - Level 2.4 Dodging


You had 8 spell levels left.
You didn't know any spells.

Dungeon Overview and Level Annotations

Branches:
Dungeon (8/15)             Temple (1/1) D:7
   Lair: D:8-11

Altars:
Cheibriados
Dithmenos
Elyvilon
Fedhas
Gozag
Hepliaklqana
Kikubaaqudgha
Nemelex Xobeh
Okawaru
Qazlal
Ru
Trog
Uskayaw
Vehumet
Xom
The Shining One

Shops:
D:4 ?

Annotations:
D:3 Sigmund
D:7 Pikel


Innate Abilities, Weirdness & Mutations

You do not eat or drink.
Your flesh is vulnerable to fire.
You are immune to poison.
Your flesh is cold resistant. (rC+)
You are immune to negative energy. (rN+++)
You are immune to unholy pain and torment.
You can survive without breathing.


Message History

You miss Pikel.
Pikel is lightly wounded.
Pikel hits you but does no damage.
You are electrocuted!
Your chain mail prevents you from hitting Pikel.
Pikel is lightly wounded.
Pikel hits you with a whip of electrocution.
You are electrocuted!
You hit Pikel but do no damage.
Pikel is lightly wounded.
You hit Pikel but do no damage.
Pikel is lightly wounded.
Pikel hits you but does no damage.
You closely miss Pikel.
Pikel is lightly wounded.
Pikel hits you but does no damage.
You are electrocuted!
You miss Pikel.
Pikel is lightly wounded.
Pikel hits you but does no damage.
You are electrocuted!
You die...
Your body crumbles into a pile of gold.

#.#######...#######...
#...........# #...
#...........# ####
#.).........# #...........#
#.#######...# #.p....##...#
######..###.##...##########
#.....>.pK@................
#.#####(###.##..........###
#.....#.# #.##..........#
#....)#(# #.............#
#.....'.# ###...........#
######.....###
#...........# #..........#
#....######## ####..#....#
#.####.# #%.#....# #.# #.#


You could see Pikel and a slave.

Vanquished Creatures
  The ghost of kroki the Martial Artist, a novice OpFi of Hepliaklqana (D:8)
  A hungry ghost (D:7)
  Duvessa (D:4)
  2 orc warriors (D:6)
  2 slaves (D:7)
  2 ice beasts
  A sky beast (D:6)
  A necrophage (D:6)
  3 ogres
  2 centaurs
  3 big kobolds
  2 bullfrogs (D:6)
  Dowan (D:4)
  A scorpion (D:8)
  4 crimson imps
  A centaur skeleton (D:4)
  A jelly (D:7)
  2 orc priests
  An iguana (D:7)
  3 orc wizards
  7 worker ants
  A killer bee zombie (D:5)
  16 adders
  4 river rats
  A shadow imp (D:6)
  An ooze (Sewer)
  2 worms
  4 dart slugs
  4 leopard geckos
  20 orcs
  13 ball pythons
  5 bats
  6 giant cockroaches
  4 goblins
  5 hobgoblins
  19 jackals
  38 kobolds
  A quokka (D:3)
  8 frilled lizards
  A quokka skeleton (D:4)
  A quokka zombie (D:6)
  26 rats
  2 plants (D:5)
224 creatures vanquished.

Vanquished Creatures (others)
  2 plants (D:5)
2 creatures vanquished.

Grand Total: 226 creatures vanquished

Notes
Turn   | Place    | Note
-------+----------+-------------------------------------------
     0 | D:1      | Amnesiac the Mummy Gladiator began the quest for the Orb.
     0 | D:1      | Reached XP level 1. HP: 16/16 MP: 1/1
   141 | D:2      | Found a snail-covered altar of Cheibriados.
   141 | D:2      | Found a blossoming altar of Fedhas.
   141 | D:2      | Found a bloodstained altar of Trog.
   155 | D:2      | Reached XP level 2. HP: 16/22 MP: 2/2
   252 | D:2      | Reached skill level 3 in Staves
   288 | D:3      | Found a sacrificial altar of Ru.
   453 | D:3      | Reached XP level 3. HP: 27/27 MP: 3/3
   504 | D:3      | Noticed Sigmund
   959 | D:2      | Reached skill level 4 in Staves
  1078 | D:2      | Reached XP level 4. HP: 28/33 MP: 4/4
  1227 | D:3      | Found a shimmering altar of Xom.
  1821 | D:4      | Reached XP level 5. HP: 29/38 MP: 5/5
  1913 | D:4      | Reached skill level 5 in Staves
  2035 | D:4      | Found Motwomea's Magic Scroll Shoppe.
  2062 | D:4      | Reached XP level 6. HP: 25/44 MP: 6/6
  2437 | D:4      | Noticed Duvessa
  2441 | D:4      | Reached skill level 6 in Staves
  2613 | D:4      | Noticed Dowan
  2632 | D:4      | Killed Duvessa
  2644 | D:4      | HP: 1/44 [Dowan/stone arrow (11)]
  2647 | D:4      | Killed Dowan
  2690 | D:4      | Reached XP level 7. HP: 8/50 MP: 7/7
  3025 | D:5      | Entered Level 5 of the Dungeon
  3074 | D:5      | Found a glowing drain.
  3288 | Sewer    | Entered a sewer
  3414 | Sewer    | Reached skill level 7 in Staves
  4262 | D:5      | Got a transparent brass amulet
  4311 | D:5      | Reached skill level 8 in Staves
  4909 | D:5      | Found a glowing golden altar of the Shining One.
  5134 | D:5      | Reached XP level 8. HP: 48/56 MP: 8/8
  5649 | D:6      | Reached skill level 9 in Staves
  5720 | D:6      | Found a shadowy altar of Dithmenos.
  6087 | D:6      | Found a shimmering altar of Xom.
  6248 | D:7      | Reached skill level 10 in Staves
  6466 | D:7      | Found a stormy altar of Qazlal.
  6558 | D:7      | Found a staircase to the Ecumenical Temple.
  6680 | Temple   | Entered the Ecumenical Temple
  6735 | Temple   | Became a worshipper of Gozag Ym Sagoz the Greedy
  7029 | D:1      | You fall through a shaft!
  7853 | D:7      | Reached XP level 9. HP: 48/61 MP: 9/9
  7884 | D:7      | Noticed Pikel
  8747 | D:8      | Noticed kroki's ghost (novice OpFi)
  8764 | D:8      | Killed kroki's ghost
  8764 | D:8      | Reached skill level 11 in Staves
  9522 | D:7      | Slain by Pikel

Vault maps used:
D:1:      dpeg_arrival_more_subterranean_lakeside_camping,
          minmay_misc_feat_diagonals, solitary_fountain, minmay_misc_feat_tower
D:2:      grunt_temple_overflow_open, first_bread
D:3:      nicolae_overflow_hidden_temple, overflow_temple_1_default,
          uniq_sigmund
D:4:      serial_shops, shop_statue, uniq_duvessa
D:5:      kennysheep_kobold_camp, nicolae_tso_swordbearing_angel,
          portal_sewer_entry_c
D:6:      lemuel_doored_altar, tgw_xom
D:7:      grunt_qazlal_sundering, minmay_temple_entry_glassed_door, uniq_pikel
D:8:      grunt_decor_cap
Temple:   dshaligram_water_room_temple
Sewer:    sewer_minmay_treatment

Skill      XL: |  1  2  3  4  5  6  7  8  9 |
---------------+----------------------------+-----
Staves         | 3 4 5 6 8 10 11 | 11.4
Fighting       | |  2.0
Throwing       | |  1.5
Dodging        | |  2.4

Action                   |  1- 3 |  4- 6 |  7- 9 || total
-------------------------+-------+-------+-------++-------
Melee: Quarterstaff      |    84 |   158 |   724 ||   966
Throw: Tomahawk          |       |     4 |     1 ||     5
       Throwing net      |       |     3 |     1 ||     4
  Use: Scroll            |       |       |    10 ||    10
 Stab: Sleeping          |       |       |     3 ||     3
       Held in net/web   |       |       |     1 ||     1
Armor: Leather armour    |    34 |    49 |   153 ||   236
       Chain mail        |       |       |    62 ||    62
Dodge: Dodged            |    76 |   104 |   320 ||   500
